Map: 2000 Atmospheres LE

Players

Reynor - Winner!

  • Race: Zerg Zerg

Dream

  • Race: Terran Terran

Event: DreamHack SC2 Masters 2021 Summer

VOD

Have the link to the VOD?

Description

Time

  • Played on: July 3, 2021, 2:40 p.m.
  • Length: 17:22

All games in this series

Show
View Real Time Build Order
Export as new Build Order

Reynor Zerg - Winner!

Build Orders: Pool First, Muta Ling Bane 

Get SALT Encoding   

  12  0:00  Drone  
  13  0:11  Overlord  
  13  0:17  Drone  
  14  0:30  Drone x2  
  16  0:39  Spawning Pool  
  15  0:43  Drone  
  15  0:47  Drone  
  17  1:07  Hatchery  
  17  1:10  Drone  
  17  1:26  Queen  
  17  1:27  Zergling x4  
  17  1:29  Zergling x2  
  22  1:37  Overlord  
  22  1:57  Zergling x2  
  22  2:00  Drone  
  24  2:02  Queen  
  26  2:12  Zergling x2  
  27  2:20  Drone  
  29  2:22  Drone  
  29  2:24  Queen  
  31  2:30  Overlord  
  31  2:32  Drone  
  30  2:37  Zergling x4  
  30  2:38  Drone  
  31  2:47  Drone  
  31  2:48  Drone, Queen  
  34  2:52  Drone  
  36  2:58  Drone  
  36  3:00  Extractor  
  36  3:03  Drone  
  36  3:10  Queen  
  36  3:11  Overlord  
  36  3:12  Drone x3  
  41  3:15  Drone  
  42  3:25  Drone x2  
  44  3:31  Overlord  
  42  3:39  Zergling x4  
  42  3:41  Drone x2  
  43  3:44  Overlord  
  43  3:54  Drone  
  44  3:58  Drone x2  
  44  3:59  Overlord  
  44  4:01  Drone  
  47  4:03  Hatchery  
  47  4:07  Metabolic Boost  
  47  4:08  Drone x2  
  47  4:09  Drone  
  48  4:14  Overlord  
  48  4:16  Drone  
  49  4:20  Drone x2  
  49  4:24  Queen  
  49  4:30  Overlord  
  52  4:31  Drone  
  52  4:33  Queen  
  53  4:41  Zergling x2  
  53  4:42  Zergling x2  
  55  4:47  Zergling x6  
  55  4:51  Overlord  
  58  4:53  Zergling x2  
  59  5:00  Zergling x2  
  59  5:01  Queen  
  59  5:03  Drone x2  
  59  5:05  Extractor  
  59  5:06  Baneling Nest  
  63  5:07  Drone x2  
  63  5:13  Lair  
  63  5:14  Spore Crawler  
  63  5:17  Zergling x4  
  63  5:18  Drone  
  63  5:21  Queen  
  66  5:25  Drone  
  66  5:27  Overlord  
  69  5:29  Drone  
  69  5:32  Drone x3  
  73  5:36  Overlord  
  73  5:39  Drone x2  
  74  5:42  Overlord  
  74  5:46  Drone x2  
  74  5:48  Drone  
  77  5:50  Drone x2  
  77  5:56  Zergling x4  
  81  5:58  Overlord  
  81  5:59  Drone x2  
  81  6:02  Extractor  
  82  6:05  Extractor, Zergling x2  
  82  6:10  Overlord  
  82  6:14  Drone x2  
  84  6:20  Centrifical Hooks  
  84  6:21  Queen, Overseer  
  84  6:22  Queen  
  84  6:23  Drone x2  
  84  6:24  Drone  
  91  6:26  Evolution Chamber x2  
  91  6:30  Drone x2  
  91  6:31  Drone  
  92  6:33  Spore Crawler  
  92  6:37  Hatchery, Zergling x14  
  97  6:43  Zergling x2  
  97  6:48  Zergling x4  
  97  6:53  Overlord  
  99  6:55  Zergling x10  
  99  6:57  Overlord  
  103  7:03  Zergling x8  
  107  7:08  Zerg Ground Armor Level 1, Zerg Melee Weapons Level 1  
  107  7:14  Drone x2  
  108  7:17  Overlord  
  108  7:19  Zergling x2  
  109  7:23  Drone x2  
  109  7:24  Drone  
  109  7:25  Extractor, Drone x4  
  109  7:27  Spire  
  109  7:28  Extractor  
  109  7:29  Baneling x8  
  113  7:30  Overlord  
  113  7:36  Drone  
  113  7:37  Drone x3  
  117  7:39  Zergling x2  
  117  7:43  Zergling x2  
  119  7:44  Overlord  
  119  7:49  Zergling x8  
  118  7:58  Zergling x10  
  123  8:00  Drone  
  123  8:01  Drone  
  123  8:03  Drone  
  123  8:04  Drone  
  123  8:05  Drone, Pneumatized Carapace, Overseer  
  130  8:07  Overlord  
  130  8:10  Drone  
  131  8:14  Drone x3  
  131  8:17  Overlord  
  134  8:22  Baneling x9  
  134  8:23  Drone x3  
  134  8:25  Zergling x4  
  134  8:26  Extractor  
  138  8:32  Zergling x18  
  145  8:36  Overlord  
  145  8:38  Baneling x2  
  145  8:40  Zergling x2  
  146  8:44  Hatchery  
  138  8:51  Zergling x16  
  138  8:54  Baneling x6  
  141  8:55  Baneling  
  141  8:56  Baneling x3  
  141  8:58  Overlord  
  141  9:03  Mutalisk x2  
  141  9:04  Mutalisk x5  
  141  9:05  Mutalisk  
  157  9:17  Baneling x8  
  157  9:21  Drone x4  
  157  9:22  Drone x4  
  165  9:25  Zerg Ground Armor Level 2  
  165  9:30  Zergling x14  
  165  9:31  Zergling x6  
  175  9:39  Zergling x4  
  175  9:40  Zergling x4  
  175  9:44  Zerg Melee Weapons Level 2  
  178  9:47  Zerg Flyer Weapons Level 1  
  178  9:48  Drone x3  
  178  9:49  Drone x3  
  184  9:53  Overlord  
  184  10:00  Mutalisk x4  
  184  10:03  Drone x5  
  184  10:06  Overlord  
  188  10:09  Drone x4  
  188  10:13  Drone  
  188  10:14  Drone x4  
  196  10:15  Spore Crawler  
  195  10:22  Mutalisk x2  
  199  10:29  Overseer  
  199  10:30  Overseer  
  196  10:36  Drone x4  
  196  10:41  Baneling x8  
  196  10:42  Baneling x6  
  199  10:47  Extractor  
  199  10:48  Extractor  
  197  10:59  Zergling x6  
  197  11:00  Infestation Pit  
  199  11:08  Extractor  
  199  11:10  Burrow  
  198  11:12  Hatchery  
  197  11:25  Mutalisk x6  
  198  11:51  Spine Crawler, Spore Crawler  
  194  11:57  Zergling x18  
  199  12:13  Baneling  
  199  12:14  Baneling x17  
  193  12:21  Zergling x34  
  184  12:30  Zergling x34  
  184  12:35  Overlord  
  198  12:38  Zergling x8  
  196  12:53  Baneling  
  196  12:54  Baneling x17  
  196  12:57  Zergling x10, Hive  
  196  12:58  Zergling x6  
  198  13:01  Zergling x18  
  187  13:07  Baneling x8  
  187  13:08  Baneling x3  
  187  13:10  Mutalisk x4  
  187  13:11  Zergling x6  
  188  13:14  Zergling x6  
  188  13:16  Mutalisk x2  
  188  13:23  Mutalisk x2  
  192  13:30  Zergling x12  
  192  13:31  Queen  
  173  13:51  Zergling x2  
  173  13:52  Zergling x30  
  173  13:55  Zergling x6  
  189  14:01  Mutalisk x5  
  194  14:07  Zerg Flyer Weapons Level 2  
  194  14:08  Zergling x6  
  194  14:09  Zergling x4  
  199  14:10  Baneling x15  
  199  14:12  Zerg Ground Armor Level 3  
  199  14:13  Zerg Melee Weapons Level 3  
  199  14:16  Ultralisk Cavern  
  198  14:22  Zergling x24  
  198  14:24  Zergling x2  
  198  14:27  Overseer x2  
  198  14:28  Queen  
  200  14:33  Baneling  
  200  14:34  Baneling x25  
  200  14:46  Hatchery  
  200  14:48  Adrenal Glands  
  193  15:00  Zergling x12  
  193  15:07  Chitinous Plating  
  187  15:19  Zergling x30  
  199  15:21  Overlord  
  189  15:28  Baneling x2  
  176  15:36  Zergling x18, Ultralisk x3  
  188  15:44  Baneling  
  188  15:45  Baneling x13, Zergling x24  
  197  15:51  Zergling x4  
  197  15:56  Zergling x4  
  197  15:57  Zergling x4  
  180  16:01  Zergling x4, Ultralisk x3  
  196  16:06  Zergling x4  
  178  16:13  Zergling x6, Ultralisk x3  
  178  16:14  Queen  
  178  16:16  Zergling x2  
  178  16:17  Zergling x2  
  198  16:22  Zergling x10  
  197  16:26  Overseer  
  197  16:27  Unknown  
  197  16:28  Baneling Nest  
  197  16:29  Zergling x10  
  193  16:47  Zergling x14  
  181  17:02  Hatchery  
  181  17:03  Zergling x30  
  181  17:05  Hatchery  
Show
View Real Time Build Order
Export as new Build Order

Dream Terran 

Build Orders:  

Get SALT Encoding   

  12  0:00  SCV  
  13  0:12  SCV  
  14  0:19  Supply Depot  
  14  0:24  SCV  
  15  0:40  Barracks  
  15  0:50  Barracks  
  15  0:54  SCV  
  16  1:06  SCV  
  17  1:18  SCV  
  17  1:20  Refinery  
  18  1:27  Marine  
  18  1:31  Orbital Command  
  19  1:34  Supply Depot  
  19  1:40  Marine  
  19  1:45  Marine  
  21  1:57  SCV  
  21  1:58  Marine  
  23  2:03  Marine  
  23  2:04  Bunker, Supply Depot  
  24  2:10  SCV  
  25  2:15  Marine  
  26  2:25  Marine  
  26  2:29  SCV  
  27  2:33  Marine  
  27  2:42  SCV, Factory  
  27  2:54  Command Center  
  27  2:57  SCV  
  27  2:59  Marine x2  
  29  3:09  SCV  
  30  3:13  Supply Depot  
  30  3:14  Refinery  
  30  3:17  Marine x2  
  32  3:23  SCV  
  31  3:35  Marine x2  
  31  3:38  SCV  
  31  3:39  Hellion  
  32  3:49  Starport  
  32  3:50  SCV  
  33  4:03  Hellion  
  33  4:04  SCV  
  34  4:16  SCV  
  34  4:27  Hellion  
  34  4:28  SCV  
  34  4:29  Medivac  
  38  4:38  Orbital Command  
  38  4:40  SCV  
  39  4:48  Hellion  
  39  4:52  SCV, Command Center  
  42  5:02  Starport Tech Lab  
  42  5:04  SCV  
  42  5:06  SCV  
  44  5:14  Factory Reactor  
  44  5:16  SCV  
  44  5:18  SCV  
  44  5:19  Barracks  
  49  5:22  Barracks Reactor  
  49  5:24  Barracks Tech Lab  
  49  5:28  SCV  
  49  5:30  SCV  
  49  5:35  Engineering Bay x2  
  51  5:38  Refinery  
  51  5:39  Refinery  
  52  5:42  SCV  
  52  5:47  Marine, Stimpack  
  50  5:50  SCV  
  50  5:55  SCV, Starport Reactor  
  52  6:01  Marine x2  
  52  6:03  SCV, Supply Depot  
  55  6:05  Orbital Command  
  55  6:07  SCV  
  55  6:09  Barracks Reactor  
  56  6:13  Marine  
  56  6:15  SCV  
  57  6:18  Marine  
  57  6:19  SCV, Marine, Terran Infantry Weapons Level 1, Terran Infantry Armor Level 1  
  57  6:24  Orbital Command  
  60  6:27  SCV  
  60  6:29  Widow Mine x2  
  65  6:34  SCV  
  65  6:36  Marine x2  
  65  6:37  Marine  
  65  6:38  Medivac  
  65  6:39  SCV  
  72  6:40  Medivac  
  72  6:45  Supply Depot  
  72  6:46  SCV  
  75  6:48  Marine  
  75  6:49  Marine  
  75  6:51  SCV  
  75  6:52  SCV, Supply Depot  
  79  6:56  Marine x2  
  79  6:59  SCV, Marine  
  83  7:03  SCV  
  83  7:06  Marine  
  83  7:07  SCV, Supply Depot  
  86  7:09  Supply Depot  
  86  7:13  Factory  
  86  7:18  SCV x2  
  86  7:20  Armory  
  86  7:22  Widow Mine x2  
  92  7:27  SCV  
  92  7:29  Marine x2  
  95  7:30  SCV x2, Marine x3  
  95  7:33  Combat Shield  
  100  7:39  SCV  
  100  7:41  Supply Depot  
  100  7:42  SCV  
  102  7:47  Marine  
  102  7:48  Marine  
  102  7:49  Marine  
  102  7:50  Marine x2  
  101  7:52  SCV x2  
  103  8:00  SCV  
  103  8:03  Widow Mine x2  
  103  8:04  SCV  
  103  8:05  Marine  
  112  8:10  Drilling Claws, Siege Tank  
  113  8:14  Terran Infantry Weapons Level 2  
  113  8:16  Command Center  
  113  8:17  Terran Infantry Armor Level 2  
  113  8:19  SCV  
  114  8:22  SCV x2  
  116  8:27  Bunker, Supply Depot  
  116  8:29  Supply Depot  
  116  8:33  Marine  
  116  8:34  Marine x4  
  121  8:44  SCV  
  122  8:52  SCV  
  122  8:53  Marine  
  122  8:54  Marine x4  
  128  9:01  Terran Vehicle Weapons Level 1  
  128  9:02  Siege Tank  
  131  9:05  Medivac x2  
  131  9:06  Widow Mine x2  
  131  9:07  Barracks  
  131  9:09  Barracks, Factory  
  139  9:11  Refinery  
  139  9:13  Refinery  
  139  9:18  Supply Depot  
  139  9:22  Sensor Tower  
  139  9:23  Marauder, Concussive Shells  
  141  9:27  Supply Depot  
  141  9:28  Widow Mine x2, Supply Depot  
  141  9:29  Supply Depot  
  145  9:34  Siege Tank  
  148  9:41  Liberator  
  148  9:42  Liberator  
  154  9:47  Marauder, Marine x4  
  160  9:54  Missile Turret  
  158  10:05  Marine  
  155  10:09  Thor  
  155  10:10  Widow Mine x2  
  155  10:11  Marauder  
  155  10:12  Barracks Tech Lab, Marine x4  
  164  10:15  Planetary Fortress  
  164  10:19  SCV x2  
  164  10:20  SCV  
  167  10:22  Marine  
  168  10:28  Factory Tech Lab  
  168  10:29  Sensor Tower, Missile Turret  
  168  10:31  Widow Mine x2, SCV  
  173  10:35  Missile Turret  
  173  10:41  SCV x2  
  171  10:43  Terran Infantry Weapons Level 3  
  171  10:44  SCV  
  171  10:47  Supply Depot  
  172  10:50  Terran Infantry Armor Level 3  
  172  10:51  Marine x4  
  172  10:53  Marine  
  172  10:54  Marine  
  172  10:56  Barracks Tech Lab  
  176  11:08  Thor  
  176  11:09  Marine  
  182  11:12  Marauder  
  182  11:13  Marauder  
  186  11:20  Widow Mine x2  
  186  11:23  Refinery x2  
  186  11:24  Missile Turret  
  190  11:26  Command Center  
  190  11:27  Missile Turret  
  190  11:29  Command Center  
  190  11:34  Terran Vehicle Weapons Level 2  
  190  11:37  Barracks  
  190  11:39  Barracks, Thor  
  196  11:40  Barracks, Missile Turret  
  196  11:49  Supply Depot  
  196  11:55  Widow Mine x2  
  196  12:00  Marauder  
  196  12:11  Marauder x2  
  198  12:21  Thor  
  198  12:23  Marauder, Marine  
  198  12:25  Marine  
  198  12:27  SCV x3  
  197  12:34  Marine  
  197  12:35  Barracks Tech Lab x2  
  191  12:44  SCV x2  
  191  12:47  Marauder x3, Marine x4  
  199  12:52  Marine  
  200  13:02  Marauder x2  
  200  13:03  Thor  
  200  13:08  Marauder  
  200  13:09  SCV  
  196  13:15  SCV x2  
  196  13:16  Marine  
  196  13:17  Marine x2  
  196  13:18  Marauder, Marine  
  196  13:19  Marine x2  
  197  13:22  Marine  
  197  13:23  Marauder  
  200  13:39  Marine x2  
  200  13:40  Marauder  
  195  13:48  SCV x3  
  181  13:51  Widow Mine x2  
  177  13:56  Marauder x3, Marine x4  
  177  13:57  Marine  
  177  14:02  Medivac x2  
  179  14:03  SCV x3  
  179  14:06  Orbital Command, Marine  
  179  14:07  Marine  
  184  14:14  Marauder, Marine x3  
  184  14:15  Marine  
  190  14:18  Widow Mine x2  
  190  14:19  Widow Mine  
  190  14:24  Widow Mine  
  197  14:29  Marauder x2, Marine  
  187  14:35  Marine x2  
  189  14:39  Widow Mine  
  189  14:41  Widow Mine x2  
  189  14:43  Barracks Tech Lab  
  189  14:45  Widow Mine  
  196  15:00  Widow Mine  
  196  15:03  Widow Mine  
  197  15:10  Marine x4  
  185  15:27  Marine x6  
  185  15:28  Marine  
  173  15:37  Marine x2  
  173  15:38  Marine  
  158  15:45  Marauder x6  
  158  15:46  Marine  
  167  15:51  Widow Mine  
  167  15:54  Marine x2  
  167  15:56  Marine  
  140  16:01  Orbital Command  
  140  16:04  Marine  
  140  16:08  Marine x2  
  140  16:10  Marine  
  124  16:14  Marine  
  124  16:17  Marine  
  110  16:30  Marine  
  110  16:35  Marauder, Marine x2  
  112  16:44  Marine x5  
  117  16:51  Widow Mine  
  119  16:54  Orbital Command  
  108  17:03  Marine  
Tags
 
Add a new tag
Caveats
  • Supply blocks, unpowered buildings, or Contaminate may cause inaccurate times.
  • Supply counts are checked every 10 seconds.